 Dungeon Crawl Stone Soup version 0.27-a0-1532-gca18f49f40 (webtiles) character file.

Game seed: 16023276587618834794

31 flotson the Sneak (level 2, -2/25 HPs)
             Began as a Demigod Delver on July 13, 2021.
             Slain by a scorpion (3 damage)
             ... on level 5 of the Dungeon.
             The game lasted 00:00:22 (216 turns).

flotson the Sneak (Demigod Delver)                   Turns: 216, Time: 00:00:23

Health: -2/25      AC:  3    Str: 13    XL:     2   Next: 90%
Magic:  4/4        EV: 12    Int: 12    God:
Gold:   16         SH:  0    Dex: 15    Spells: 1/1 levels left

rFire    . . .     SeeInvis .   a - +0 hand axe
rCold    . . .     Faith    .   (no shield)
rNeg     . . .     Spirit   .   b - +0 leather armour
rPois    .         Reflect  .   (no helmet)
rElec    .         Harm     .   (no cloak)
rCorr    .         Rampage  .   (no gloves)
Will     .....                  (no boots)
Stlth    +++.......             (no amulet)
HPRegen  0.08/turn              (no ring)
MPRegen  0.09/turn              (no ring)

@: hasted, very quick
A: high mp 1, forlorn
a: no special abilities


You were on level 5 of the Dungeon.
You visited 1 branch of the dungeon, and saw 1 of its levels.

You collected 16 gold pieces.

Inventory:

Hand Weapons
 a - a +0 hand axe (weapon)
Armour
 b - a +0 leather armour (worn)
Wands
 g - a wand of digging (3)
Scrolls
 c - a scroll of fog
 d - a scroll of magic mapping
 e - a scroll of fear


   Skills:
 + Level 2.9 Fighting
 + Level 2.1 Axes
 + Level 0.7 Armour
 + Level 2.0 Dodging
 + Level 4.7 Stealth
 + Level 0.6 Evocations


You had one spell level left.
You didn't know any spells.
Your spell library contained the following spells:

 Spells                   Type           Power      Damage    Failure   Level
 Sting                    Tmut/Pois      0%         1d3       38%         1
 Poisonous Vapours        Pois/Air       0%         N/A       54%         2
 Olgreb's Toxic Radiance  Pois           0%         N/A       99%         4


Dungeon Overview and Level Annotations

Branches:
Dungeon (5/15)
 Temple: D:4-7


Innate Abilities, Weirdness & Mutations

Your attributes grow dramatically as you level up.
You have an increased reservoir of magic. (+10% MP)
You shall have no god before yourself.


Message History

Found 8 stones.
Found a stone staircase leading down.
You now have 16 gold pieces.
You pick up a Young Poisoner's Handbook and begin reading...
You add the spells Sting, Poisonous Vapours and Olgreb's Toxic Radiance to your library.
A quokka comes into view.
Found a mace.
A scorpion comes into view.
You hit the quokka but do no damage. The quokka bites you.
The quokka twitches its whiskers.
The quokka bites you.
You closely miss the quokka. The quokka barely misses you.
You miss the quokka. The quokka barely misses you. The quokka misses you.
You hit the quokka.
You kill the quokka!
The scorpion stings you.
You hit the scorpion but do no damage. The scorpion closely misses you. x2
You barely miss the scorpion. The scorpion barely misses you.
You closely miss the scorpion. The scorpion closely misses you.
The scorpion stings you.
You are poisoned.
The scorpion poisons you!
You hit the scorpion but do no damage.
You feel sick. The scorpion stings you.
You barely miss the scorpion.
You feel sick. The scorpion stings you.
* * * LOW HITPOINT WARNING * * *
You are too injured to fight recklessly!
You are too injured to fight recklessly!
You are too injured to fight recklessly!
You are too injured to fight recklessly!
You feel sick. The scorpion closely misses you.
You feel sick.
Okay, then.
You feel sick.
You feel sick.
You feel yourself speed up.
You feel sick.
You are no longer poisoned.
The scorpion stings you.
* * * LOW HITPOINT WARNING * * *
The scorpion stings you.
You die...

#........#
#........#
#....)...#
#........#
#........###
#..........#
#..........#
#.....s....#
######@....#
#.....#
#.....#
#####.....#
#.........#
###.........#
.....>......#
##......####
.... #......#


You could see a scorpion.

Vanquished Creatures
  A centaur zombie (D:5)
  A quokka (D:5)
2 creatures vanquished.

Notes
Turn   | Place    | Note
-------+----------+-------------------------------------------
     0 | D:5      | flotson the Demigod Delver began the quest for the Orb.
     0 | D:5      | Reached XP level 1. HP: 18/18 MP: 3/3
    38 | D:5      | Reached XP level 2. HP: 18/25 MP: 4/4
   200 | D:5      | Noticed a scorpion
   216 | D:5      | HP: 1/25 [scorpion (1)]
   216 | D:5      | Slain by a scorpion

Illustrated notes

Levels and vault maps discovered:
D:5:      kennysheep_windowed_halls, layout_basic, minitemple,
          minmay_manual_moon, uniq_blork_the_orc

Skill      XL: |  1 |
---------------+----+-----
Axes           | 2 |  2.1
Dodging        | 2 |  2.0
Fighting       | |  2.9
Armour         | |  0.7
Stealth        | |  4.7
Evocations     | |  0.6

Action                   || total
-------------------------++-------
Melee: Hand axe          ||    18
  Use: Potion            ||     1
Armor: Leather armour    ||     5
Dodge: Dodged            ||    23

Table legend: (Time is in decaauts)
 A = Elapsed time spent in this place.
 B = Non-inter-level travel time spent in this place.
 C = Inter-level travel time spent in this place.
 D = Time resting spent in this place.
 E = Time spent auto-exploring this place.
 F = Levels seen in this place.
 G = Mean time per level.
                   A        B        C        D        E       F      G
               +--------+--------+--------+--------+--------+-----+--------+
         Total |    219 |    219 |      0 |      0 |    177 |   1 |  219.0 |
       Dungeon |    219 |    219 |      0 |      0 |    177 |   1 |  219.0 |
               +--------+--------+--------+--------+--------+-----+--------+

Top non-repeatable levels by time:
     D:5: 219 daAuts
